 Dungeon Crawl Stone Soup version 0.30-a0-341-g682706514a (webtiles) character file.

Game seed: 2820501257350058897

221 ragingrage the Sneak (level 5, -2/37 HPs)
             Began as an Octopode Wanderer on Nov 3, 2022.
             Slain by a centaur
             ... wielding a +0 rapier
              (7 damage)
             ... on level 3 of the Dungeon.
             The game lasted 00:04:08 (3297 turns).

ragingrage the Sneak (Octopode Wanderer)            Turns: 3297, Time: 00:04:08

Health: -2/37      AC:  1    Str:  9    XL:     5   Next: 98%
Magic:  5/5        EV: 13    Int: 13    God:
Gold:   88         SH:  0    Dex: 17    Spells: 4/4 levels left

rFire   . . .      SeeInvis .    a - +0 short sword
rCold   . . .      Faith    .    (no shield)
rNeg    . . .      Spirit   .    (helmet restricted)
rPois   .          Reflect  .    (no amulet)
rElec   .          Harm     .    (no ring)
rCorr   .          Rampage  .    (no ring)
Will    .....                    (no ring)
Stlth   ++++......               (no ring)
HPRegen 0.26/turn                (no ring)
MPRegen 0.09/turn                (no ring)
                                 (no ring)
                                 (no ring)

@: no status effects
A: almost no armour, amphibious, 8 rings, camouflage 1, gelatinous body 1,
(nimble swimmer 1), tentacles
a: no special abilities


You were on level 3 of the Dungeon.
You visited 1 branch of the dungeon, and saw 3 of its levels.

You collected 88 gold pieces.

Inventory:

Hand Weapons
 a - a +0 short sword (weapon)
 d - a +0 dagger
Missiles
 c - 13 poisoned darts (quivered)
Wands
 b - a wand of charming (4)
 p - a wand of flame (7)
Scrolls
 e - a scroll of fear
 h - a scroll of brand weapon {unknown}
 i - a scroll of immolation {unknown}
 k - a scroll of identify {unknown}
 l - a scroll of noise {unknown}
 r - a scroll of amnesia {unknown}
 u - a scroll of magic mapping {unknown}
Potions
 f - a potion of cancellation {unknown}
 g - a potion of magic {unknown}
 j - 2 potions of attraction {unknown}
 m - a potion of might {unknown}
 n - a potion of haste
 o - a potion of curing {unknown}
 q - 3 potions of brilliance {unknown}
 s - a potion of heal wounds {unknown}
 t - a potion of flight {unknown}


   Skills:
 + Level 4.0 Fighting
 - Level 2.0 Short Blades
 - Level 2.0 Throwing
 - Level 1.0 Dodging
 + Level 5.5 Stealth
 - Level 1.0 Invocations
 - Level 3.2 Evocations


You had 4 spell levels left.
You didn't know any spells.
Your spell library contained the following spells:

 Spells                   Type           Power      Damage    Failure   Level
 Sublimation of Blood     Necr           0%         N/A       43%         2
 Wereblood                Tmut           0%         N/A       43%         2
 Summon Hydra             Summ           0%         N/A       100%        7


Dungeon Overview and Level Annotations

Branches:
Dungeon (3/15)

Altars:
Qazlal
Sif Muna
Wu Jian

Annotations:
D:3 Robin


Innate Abilities, Weirdness & Mutations

You cannot wear most types of armour.
You are amphibious.
You can wear up to eight rings at the same time.
Your skin changes colour to match your surroundings (Stealth+).
Your rubbery body absorbs attacks. (AC +1, EV +1)
((You are camouflaged when in or above water. (Stealth+)))
You have tentacles for arms and can constrict up to eight enemies at once.


Message History

The hobgoblin is moderately wounded.
You constrict the hobgoblin, but do no damage.
The hobgoblin closely misses you.
You hit the hobgoblin.
The hobgoblin is almost dead.
You constrict the hobgoblin.
You kill the hobgoblin!
No target in view!
j - 2 bubbling red potions (gained 1)
A centaur is nearby!
A centaur is nearby!
You hit the centaur.
The centaur is lightly wounded.
The centaur unwields a +0 shortbow.
The centaur wields a +0 rapier.
The centaur barely misses you. The centaur kicks you.
You hit the centaur.
The centaur is lightly wounded.
The centaur hits you with a +0 rapier. The centaur barely misses you.
You hit the centaur but do no damage.
The centaur is lightly wounded.
The centaur hits you with a +0 rapier. The centaur closely misses you.
You hit the centaur. You squeeze the centaur.
The centaur is moderately wounded.
The centaur closely misses you. The centaur kicks you.
The centaur hits you with a +0 rapier. The centaur kicks you.
You hit the centaur. You squeeze the centaur!
The centaur is almost dead.
The centaur hits you with a +0 rapier!
* * * LOW HITPOINT WARNING * * *
The centaur kicks you.
* * * LOW HITPOINT WARNING * * *
You barely miss the centaur.
The centaur is almost dead.
The centaur hits you with a +0 rapier.
* * * LOW HITPOINT WARNING * * *
The centaur closely misses you.
You hit the centaur.
The centaur is almost dead.
The centaur hits you with a +0 rapier!
You die...

######..g############.........##(
.............................###.
######.##....##...###........# #.
#.##...[................####
#.##.###..[..####...###.##8_
#.##.#.....)<.......##...##≈
#.##.#.##....####...##...##≈ ##
#.##.#. #..†........##....## .
..##.#.###c@..########.##..# ##
#.#.................###.. .#
#.########.###.....####..
.########........................
.#.....############.##.##########
......................># #
.#.....########...>.#### #
.####### #.....# # .# #.....# #


You could see a centaur.

Vanquished Creatures
  Natasha (thrice) (D:2)
  3 gnolls (D:3)
  2 adders (D:2)
  6 dart slugs
  5 endoplasms
  6 giant cockroaches
  8 goblins
  8 hobgoblins
  6 jackals (D:1)
  3 quokkas
  4 ball pythons
  5 bats
  4 frilled lizards
  9 kobolds
  6 rats
78 creatures vanquished.

Vanquished Creatures (collateral kills)
  A gnoll (D:3)
  3 orcs (D:3)
  2 goblins (D:3)
6 creatures vanquished.

Grand Total: 84 creatures vanquished

Notes
Turn   | Place    | Note
-------+----------+-------------------------------------------
     0 | D:1      | ragingrage the Octopode Wanderer began the quest for the
                  | Orb.
     0 | D:1      | ragingrage set off with the following items: a +0 short
                  | sword, a wand of charming (12), 13 poisoned darts, a +0
                  | dagger, a scroll of fear.
     0 | D:1      | Reached XP level 1. HP: 13/13 MP: 1/1
    43 | D:1      | Reached skill level 1 in Stealth
   124 | D:1      | Reached XP level 2. HP: 18/18 MP: 2/2
   159 | D:1      | Reached skill level 2 in Stealth
   413 | D:1      | Reached XP level 3. HP: 10/24 MP: 3/3
   490 | D:2      | Noticed Natasha
   493 | D:2      | Killed Natasha
   494 | D:2      | Reached skill level 3 in Stealth
   550 | D:2      | Reached XP level 4. HP: 30/30 MP: 4/4
   567 | D:2      | Noticed Natasha
  1255 | D:2      | Killed Natasha
  1256 | D:2      | Reached skill level 4 in Stealth
  1431 | D:2      | Noticed Natasha
  1437 | D:2      | Killed Natasha
  1438 | D:2      | Reached XP level 5. HP: 24/36 MP: 5/5
  1926 | D:3      | Noticed a centaur
  2221 | D:3      | Reached skill level 5 in Stealth
  2487 | D:3      | Noticed Robin
  3231 | D:3      | Found an ornate altar of the Wu Jian Council.
  3231 | D:3      | Found a stormy altar of Qazlal.
  3232 | D:3      | Found a shimmering blue altar of Sif Muna.
  3297 | D:3      | Slain by a centaur

Illustrated notes

Levels and vault maps discovered:
D:1:      onia_arrival_pyramid, layout_basic
D:2:      layout_loops_cross, uniq_natasha
D:3:      layout_basic, gammafunk_temple_overflow_claw, uniq_robin

Skill      XL: |  1  2  3  4  5 |
---------------+----------------+-----
Stealth        | 1 2 3 4 5 |  5.5
Fighting       | 2 3 4 |  4.0
Short Blades   | |  2.0
Throwing       | |  2.0
Dodging        | |  1.0
Invocations    | |  1.0
Evocations     | |  3.2

Action                   |  1- 3 |  4- 6 || total
-------------------------+-------+-------++-------
Melee: Short sword       |    63 |   116 ||   179
       Constrict         |    16 |    21 ||    37
       Tentacles         |    15 |    24 ||    39
       Punch             |       |     3 ||     3
Evoke: Wand              |       |     8 ||     8
 Stab: Sleeping          |     7 |    19 ||    26
       Distracted        |       |     1 ||     1
       Betrayed ally     |       |     1 ||     1
Armor: Skin              |     2 |     2 ||     4
Dodge: Dodged            |    31 |    87 ||   118

Table legend: (Time is in decaauts)
 A = Elapsed time spent in this place.
 B = Non-inter-level travel time spent in this place.
 C = Inter-level travel time spent in this place.
 D = Time resting spent in this place.
 E = Time spent auto-exploring this place.
 F = Levels seen in this place.
 G = Mean time per level.
                   A        B        C        D        E       F      G
               +--------+--------+--------+--------+--------+-----+--------+
         Total |   3285 |   3153 |    132 |   1071 |   1375 |   3 | 1095.0 |
       Dungeon |   3285 |   3153 |    132 |   1071 |   1375 |   3 | 1095.0 |
               +--------+--------+--------+--------+--------+-----+--------+

Top non-repeatable levels by time:
     D:1: 1161 daAuts
     D:2: 1082 daAuts
     D:3: 1040 daAuts
